 Dungeon Crawl Stone Soup version 0.19.4-10-g532645f (webtiles) character file.

111 sankara the Insei (level 4, -2/37 HPs)
             Began as a Draconian Transmuter on Feb 25, 2017.
             Slain by an ogre
             ... wielding a +0 giant spiked club
              (10 damage)
             ... on level 4 of the Dungeon.
             The game lasted 00:09:24 (3058 turns).

sankara the Insei (Draconian Transmuter)            Turns: 3058, Time: 00:09:25

Health: -2/37      AC:  5    Str: 12    XL:     4   Next: 62%
Magic:  7/7        EV: 12    Int: 13    God:
Gold:   116        SH:  0    Dex: 13    Spells: 3 memorised, 1 level left

rFire  . . .     SeeInvis .       - Unarmed
rCold  . . .     Gourm    .     (armour unavailable)
rNeg   . . .     Faith    .     (no shield)
rPois  .         Spirit   .     (helmet restricted)
rElec  .         Reflect  .     (no cloak)
rCorr  .         Harm     .     (no gloves)
MR     .....                    (no boots)
Stlth  +.........               (no amulet)
                                (no ring)
                                (no ring)

@: no status effects
A: unfitting armour, cold-blooded, AC +5
a: no special abilities


You were on level 4 of the Dungeon.
You were hungry.

You visited 1 branch of the dungeon, and saw 4 of its levels.

You collected 116 gold pieces.

Inventory:

Missiles
 a - 9 arrows
Wands
 q - a wand of polymorph (8/24)
Scrolls
 g - a scroll of random uselessness {unknown}
 h - 3 scrolls of teleportation {unknown}
 i - a scroll of recharging {unknown}
 j - 2 scrolls of enchant weapon {unknown}
 m - a scroll of noise {unknown}
 n - 2 scrolls of fear {unknown}
 p - 2 scrolls of identify {unknown}
 s - a scroll of blinking {unknown}
Potions
 d - a potion of berserk rage {unknown}
 e - 2 potions of heal wounds {unknown}
 f - 3 potions of curing {unknown}
 l - 2 potions of might {unknown}
 o - a potion of agility {unknown}
Books
 b - a book of Changes

   Spells                             Type                      Level
   a - Beastly Appendage              Transmutation                1
   b - Sticks to Snakes               Transmutation                2
   c - Spider Form                    Transmutation/Poison         3
   d - Ice Form                       Ice/Transmutation            4
   e - Blade Hands                    Transmutation                5
Comestibles
 c - 2 bread rations
 k - 2 meat rations
 r - 5 chunks of flesh


   Skills:
 + Level 2.6 Fighting
 - Level 1.7 Dodging
 * Level 4.1 Unarmed Combat
 - Level 2.0 Spellcasting
 * Level 3.2 Transmutations


You had one spell level left.
You knew the following spells:

 Your Spells              Type           Power        Failure   Level  Hunger
a - Beastly Appendage     Tmut           #.....       10%         1    ##.....
b - Sticks to Snakes      Tmut           #.......     12%         2    ###....
c - Spider Form           Tmut/Pois      #.........   38%         3    ####...


Dungeon Overview and Level Annotations

Branches:
Dungeon (4/15)
 Temple: D:4-7

Altars:
Ashenzari
Trog

Annotations:
D:4 Felix's ghost, novice DEFE


Innate Abilities, Weirdness & Mutations

Your plain brown scales are hard. (AC +5)
You cannot fit into any form of body armour.
You are cold-blooded and may be slowed by cold attacks.


Message History

* * * LOW HITPOINT WARNING * * *
The ball python skeleton misses you.
The ball python skeleton completely misses you.
Your transformation is almost over.
Felix's ghost (novice Deep Elf Fire Elementalist) comes into view.
It is wielding a weapon of venom.
Felix's ghost turns its malevolent gaze towards you.
The ball python skeleton barely misses you.
The ball python skeleton grabs you.
* * * LOW HITPOINT WARNING * * *
The ball python skeleton constricts you.
You escape the ball python skeleton's grasp.
Your horns disappear.
The ball python skeleton bites you but does no damage.
The ball python skeleton closely misses you.
Felix's ghost says, "The agents of utter destruction are not stopped by death."
You see here a tomahawk.
You see here 28 stones.
You are feeling hungry.
The ogre hits you with a giant spiked club!
You die...

#...........#..#
#...........#.(#####
#...........#.......
#...........#W#.....
#...........#Z#.....
#############.##+###
###########.#
#.O.ZW(.....#
#@########### #.#
#.# #.# #.# #.# #.#
#.# #.#


You could see an ogre, Felix's ghost and a ball python skeleton.

Vanquished Creatures
  A hound (D:4)
  2 worms
  3 dart slugs
  A leopard gecko (D:1)
  4 orcs
  8 bats
  3 giant cockroaches
  7 hobgoblins
  4 jackals (D:3)
  3 quokkas
  3 frilled lizards
  8 goblins
  2 kobolds
  11 rats
60 creatures vanquished.

Vanquished Creatures (collateral kills)
  A worm (D:1)
1 creature vanquished.

Grand Total: 61 creatures vanquished

Notes
Turn   | Place    | Note
-------+----------+-------------------------------------------
     0 | D:1      | sankara the Draconian Transmuter began the quest for the Orb.
     0 | D:1      | Reached XP level 1. HP: 16/16 MP: 3/3
   213 | D:1      | Reached XP level 2. HP: 24/24 MP: 3/5
   217 | D:1      | Learned a level 2 spell: Sticks to Snakes
  1149 | D:2      | Reached XP level 3. HP: 27/30 MP: 4/6
  1954 | D:3      | Found a bloodstained altar of Trog.
  2332 | D:3      | Learned a level 3 spell: Spider Form
  2427 | D:3      | Reached XP level 4. HP: 25/37 MP: 5/7
  2602 | D:3      | Found a shattered altar of Ashenzari.
  2988 | D:4      | Reached skill level 4 in Unarmed Combat
  3005 | D:4      | Noticed an ogre
  3019 | D:4      | Noticed Felix's ghost (novice DEFE)
  3058 | D:4      | Slain by an ogre

Skill      XL: |  1  2  3  4 |
---------------+-------------+-----
Fighting       | 2 |  2.6
Transmutations | 3 |  3.2
Unarmed Combat | 4 |  4.1
Dodging        | |  1.7
Spellcasting   | |  2.0

Action                   |  1- 3 |  4- 6 || total
-------------------------+-------+-------++-------
Melee: Unarmed           |   164 |    35 ||   199
       Kick              |    19 |     4 ||    23
       Tailslap          |    10 |     2 ||    12
       Headbutt          |     8 |     4 ||    12
       Punch             |     1 |       ||     1
 Cast: Beastly Appendage |    38 |     6 ||    44
       Sticks to Snakes  |     2 |     1 ||     3
 Stab: Sleeping          |       |     1 ||     1
  Eat: Chunk             |     6 |     2 ||     8
Armor: Skin              |    40 |    10 ||    50
Dodge: Dodged            |    97 |    16 ||   113
